 Dungeon Crawl Stone Soup version 0.30.1-3-gfc49f6343a (webtiles) character file.

Game seed: 10218935059788586906

11334 H0rd4k the Martial Artist (level 11, -25/67 HPs)
             Began as an Octopode Artificer on Aug 3, 2023.
             Was an Initiate of Gozag.
             Annihilated by a komodo dragon (27 damage)
             ... on level 11 of the Dungeon.
             The game lasted 00:20:08 (13539 turns).

H0rd4k the Martial Artist (Octopode Artificer)     Turns: 13539, Time: 00:20:09

Health: -25/67     AC: 10    Str: 11    XL:     11   Next: 76%
Magic:  27/27      EV: 24    Int: 24    God:    Gozag
Gold:   1062       SH:  0    Dex: 18    Spells: 8/19 levels left

rFire   . .          .
                       - Unarmed
rCold   . . .        (shield currently unavailable)
rNeg    . . .        (helmet currently unavailable)
rPois   x            q - amulet of magic regeneration
rElec   .            x - +4 ring of protection
rCorr   .            A - ring of willpower
SInv    .            B - ring of magical power
Will    ++...        E - ring of willpower
Stlth   +++++        H - ring of wizardry
HPRegen 0.31/turn    I - +4 ring of protection
MPRegen 0.60/turn    g - +6 ring of intelligence
                     (no ring)

%: wizardry (x1)
@: spider-form
A: venomous fangs, almost no armour, (amphibious), 8 rings, tiny, (camouflage
1), (gelatinous body 1), (nimble swimmer 1), (tentacles)
a: End Transformation, Renounce Religion, Potion Petition, Call Merchant, Bribe
Branch


You were on level 11 of the Dungeon.
You worshipped Gozag.
Gozag was most pleased with you.
You were a venomous arachnid creature.
You visited 2 branches of the dungeon, and saw 12 of its levels.
You also visited: Sewer.

You collected 1270 gold pieces.
You paid 208 gold pieces to Gozag.

Inventory:

Hand Weapons
 i - the +9 mace of Analysis {drain, rElec}
   (You found it on level 11 of the Dungeon)

   rElec:     It insulates you from electricity.
 C - a +0 dagger of holy wrath
Missiles
 j - a curare-tipped dart
 r - 31 poisoned darts
Magical Staves
 F - a staff of earth
Jewellery
 g - a +6 ring of intelligence (on tentacle)
 q - an amulet of magic regeneration (around neck)
 v - a ring of ice
 x - a +4 ring of protection (left front pincers)
 A - a ring of willpower (right front pincers)
 B - a ring of magical power (on tentacle)
 E - a ring of willpower (on tentacle)
 H - a ring of wizardry (on tentacle)
 I - a +4 ring of protection (on tentacle)
Wands
 b - a wand of flame (13) (quivered)
 h - a wand of acid (2)
 D - a wand of digging (7)
Scrolls
 e - 2 scrolls of enchant armour
 f - 5 scrolls of identify
 k - 2 scrolls of enchant weapon
 l - 3 scrolls of amnesia
 m - 4 scrolls of teleportation
 o - 3 scrolls of vulnerability
 s - a scroll of silence {unknown}
 t - 3 scrolls of fog
 y - a scroll of butterflies
 z - 2 scrolls of immolation
 K - a scroll of poison {unknown}
Potions
 a - 2 potions of invisibility
 c - a potion of attraction {unknown}
 d - 2 potions of heal wounds
 n - 2 potions of berserk rage
 p - 5 potions of curing
 u - 2 potions of brilliance
 w - a potion of degeneration {unknown}
 G - a potion of ambrosia
 J - a potion of lignification {unknown}


   Skills:
 - Level 3.6 Fighting
 - Level 0.2 Long Blades
 - Level 0.9 Ranged Weapons
 - Level 7.0 Dodging
 - Level 10.1 Stealth
 - Level 0.1 Shields
 - Level 10.8 Unarmed Combat
 * Level 4.6 Spellcasting
 + Level 0.1 Conjurations
 + Level 3.0 Hexes
 + Level 1.2 Summonings
 + Level 0.3 Necromancy
 + Level 0.1 Translocations
 * Level 4.6 Transmutations
 + Level 0.5 Fire Magic
 + Level 0.1 Ice Magic
 + Level 0.2 Air Magic
 + Level 0.1 Earth Magic
 + Level 4.9 Poison Magic
 + Level 0.1 Invocations
 - Level 6.4 Evocations


You had 8 spell levels left.
You knew the following spells:

 Your Spells              Type           Power      Damage    Failure   Level
a - Confusing Touch       Hex            19%        N/A       9%          3
b - Spider Form           Tmut/Pois      28%        N/A       4%          3
c - Yara's Violent Unrav  Hex/Tmut       12%        3d7       34%         5

Your spell library contained the following spells:

 Spells                   Type           Power      Damage    Failure   Level
 Beastly Appendage        Tmut           56%        N/A       2%          1
 Wereblood                Tmut           28%        N/A       3%          2
 Kiss of Death            Conj/Necr      24%        2d7       9%          1
 Necrotise                Necr           28%        1d5       9%          1
 Blink                    Tloc           12%        N/A       12%         2
 Lesser Beckoning         Tloc           12%        N/A       12%         2
 Momentum Strike          Conj/Tloc      12%        3d8       12%         2
 Inner Flame              Hex/Fire       14%        N/A       12%         3
 Vampiric Draining        Necr           7%         2d6       21%         3
 Volatile Blastmotes      Fire/Tloc      14%        2d11      21%         3
 Fulminant Prism          Conj/Hex       6%         3d6       32%         4
 Dispel Undead            Necr           7%         3d8       45%         4
 Iskenderun's Mystic Bla  Conj/Tloc      6%         2d4       50%         4
 Agony                    Necr           7%         N/A       77%         5
 Lee's Rapid Deconstruct  Erth           3%         3d5*      80%         5
 Enfeeble                 Hex            9%         N/A       100%        7


Dungeon Overview and Level Annotations

Branches:
Dungeon (11/15)            Temple (1/1) D:5           Sewer (visited)
   Lair: D:8-11         Orc: D:9-12

Altars:
Ashenzari
Cheibriados
Dithmenos
Elyvilon
Fedhas
Gozag
Hepliaklqana
Kikubaaqudgha
Makhleb
Nemelex Xobeh
Okawaru
Qazlal
Ru
Sif Muna
Trog
Uskayaw
Vehumet
Wu Jian
Xom
Yredelemnul
Zin
The Shining One

Portals:
Trove: D:11 (give 5 scrolls of blinking)

Annotations:
D:2 1 runed translucent door, exclusion: door, Crazy Yiuf
D:6 3 runed translucent doors, exclusion: 3 doors, Peloso's ghost, novice MiFi
D:8 Gastronok
D:9 exclusion: downstairs
D:11 1 exclusion


Innate Abilities, Weirdness & Mutations

You are a venomous arachnid creature.
You have venomous fangs.
You are tiny and dextrous.
Your spellcasting is less reliable in this form.
Your armour is entirely melded.
You are incapable of wielding weapons or throwing items.
You cannot wear most types of armour.
((You are amphibious.))
You can wear up to eight rings at the same time.
((Your skin changes colour to match your surroundings (Stealth+).))
((Your rubbery body absorbs attacks. (AC +1, EV +1)))
((You are camouflaged when in or above water. (Stealth+)))
((You have tentacles for arms and can constrict up to eight enemies at once.))


Message History

Casting: Confusing Touch (dangerous; 3% risk of failure)
Confirm with . or Enter, or press ? or * to list all spells.
You turn into a venomous arachnid creature.
You climb downwards.
Level annotation: 1 exclusion The komodo dragon bites you!
There is a stone staircase leading up, spattered with blood here.
You bite the komodo dragon!
The komodo dragon is poisoned.
The komodo dragon is lightly wounded.
The komodo dragon completely misses you.
You hit the komodo dragon but do no damage.
The komodo dragon looks as sick as possible!
The komodo dragon is lightly wounded.
The komodo dragon completely misses you.
You hit the komodo dragon but do no damage.
The komodo dragon looks as sick as possible!
The komodo dragon is lightly wounded.
You hit the komodo dragon but do no damage.
The komodo dragon looks as sick as possible!
The komodo dragon is lightly wounded.
The komodo dragon closely misses you.
You barely miss the komodo dragon.
The komodo dragon is moderately wounded.
The komodo dragon misses you.
You hit the komodo dragon.
The komodo dragon is heavily wounded.
The komodo dragon bites you!!
You hit the komodo dragon.
The komodo dragon looks as sick as possible!
The komodo dragon is severely wounded.
The komodo dragon bites you!!
* * * LOW HITPOINT WARNING * * *
You bite the komodo dragon!
The komodo dragon is severely wounded.
You hit the komodo dragon but do no damage.
The komodo dragon looks as sick as possible!
The komodo dragon is severely wounded.
The komodo dragon bites you!!
You die...
Your body crumbles into a pile of gold.

#...#..#......# #........#...###
##..#........######.......<.....
##............#...#..............
#.................#..............
..#...........##.###.............
.##...........)..###........##.#.
..#.............###.........####.
∩?.............)l...........##...
..#.....##...#..s.....###...#....
.##.....#.>.##........###........
.................(..........#...)
............#...................#
...<........####.................
...........### #(............####
.............###......###.##.)..#
...........................#.....
.............................##..


You could see a komodo dragon (extremely poisoned).

Vanquished Creatures
  Harold (D:10)
  A two-headed ogre (D:11)
  Pikel (D:9)
  A cyclops (D:11)
  A gargoyle (D:10)
  A komodo dragon (D:11)
  Grinder (Sewer)
  Prince Ribbit (D:8)
  A shadow (D:11)
  A wraith (D:9)
  13 yaks
  3 basilisks (D:11)
  2 wyverns
  3 vampire mosquitoes (D:9)
  4 water moccasins
  3 acid dragons
  4 orc warriors
  An ice beast (D:7)
  2 black bears
  A swamp drake (D:11)
  3 centaurs
  A lemure (D:9)
  A phantom (D:7)
  2 kobold brigands
  A bullfrog (D:8)
  A gnoll sergeant (D:9)
  2 scorpions
  8 wights
  9 killer bees
  6 howler monkeys
  2 quasits (Sewer)
  5 hounds
  2 jellies
  6 orc priests
  11 iguanas
  Terence (D:3)
  2 sleepcaps
  14 orc wizards
  16 gnolls
  12 adders
  3 river rats (D:5)
  5 shadow imps
  A white imp (D:8)
  5 ufetubi
  An adder zombie (Sewer)
  6 worms
  4 dart slugs
  38 orcs
  4 ball pythons
  6 endoplasms
  4 giant cockroaches
  5 goblins
  2 hobgoblins
  8 jackals
  A quokka (D:4)
  3 bats
  3 frilled lizards
  27 kobolds
  A kobold zombie (Sewer)
  7 rats
285 creatures vanquished.

Vanquished Creatures (collateral kills)
  A hound (D:7)
  An orc priest (D:8)
  A gnoll bouda (D:8)
  3 gnolls (D:8)
  A shadow imp (Sewer)
  2 orcs
  A ball python (D:2)
  A kobold (Sewer)
11 creatures vanquished.

Vanquished Creatures (others)
  4 yaks (D:8)
  2 orc wizards (D:4)
  A gnoll (D:2)
  A giant cockroach (D:2)
  A kobold zombie (Sewer)
9 creatures vanquished.

Grand Total: 305 creatures vanquished

Notes
Turn   | Place    | Note
-------+----------+-------------------------------------------
     0 | D:1      | H0rd4k the Octopode Artificer began the quest for the Orb.
     0 | D:1      | Reached XP level 1. HP: 13/13 MP: 1/1
   325 | D:1      | Reached XP level 2. HP: 18/18 MP: 2/2
   376 | D:1      | Found a faded altar of an unknown god.
   669 | D:2      | Reached XP level 3. HP: 11/23 MP: 3/3
   775 | D:2      | Found a runed translucent door.
   776 | D:2      | Noticed Crazy Yiuf
   970 | D:2      | Reached skill level 1 in Unarmed Combat
   970 | D:2      | Reached XP level 4. HP: 28/28 MP: 4/4
  1626 | D:3      | Reached XP level 5. HP: 23/33 MP: 5/5
  1896 | D:3      | Noticed Terence
  1979 | D:3      | Found a radiant altar of Vehumet.
  2234 | D:3      | Killed Terence
  2322 | D:4      | Reached XP level 6. HP: 35/38 MP: 6/6
  2754 | D:4      | Reached XP level 7. HP: 36/43 MP: 7/7
  2795 | D:4      | Reached skill level 5 in Evocations
  3044 | D:4      | Reached skill level 5 in Stealth
  3652 | D:5      | Entered Level 5 of the Dungeon
  3986 | D:5      | Found a glowing drain.
  3991 | Sewer    | Entered a sewer
  4067 | Sewer    | Found a burning altar of Makhleb.
  4192 | Sewer    | HP: 2/45 [poisoned by a kobold brigand (curare-tipped
                  | dart)]
  4226 | Sewer    | Reached skill level 5 in Unarmed Combat
  4226 | Sewer    | Reached XP level 8. HP: 37/50 MP: 8/8
  4229 | Sewer    | Noticed Grinder
  4335 | Sewer    | Killed Grinder
  4933 | D:5      | Found a staircase to the Ecumenical Temple.
  5180 | D:5      | Reached skill level 5 in Dodging
  5546 | D:6      | Found a runed translucent gate.
  5546 | D:6      | Found a runed translucent gate.
  5546 | D:6      | Found a runed translucent gate.
  5575 | D:6      | Reached XP level 9. HP: 43/55 MP: 9/9
  6452 | D:6      | Noticed Peloso's ghost (novice MiFi)
  7134 | Temple   | Entered the Ecumenical Temple
  7475 | D:8      | Noticed Prince Ribbit
  7484 | D:8      | Killed Prince Ribbit
  7485 | D:8      | Reached XP level 10. HP: 41/63 MP: 10/10
  7634 | D:8      | Noticed Gastronok
  7676 | D:8      | Found a sacrificial altar of Ru.
  8076 | D:8      | Found a bloodstained altar of Trog.
  8627 | D:9      | Found a stormy altar of Qazlal.
  8627 | D:9      | Found a glowing silver altar of Zin.
  8852 | D:9      | Reached skill level 10 in Unarmed Combat
  8935 | D:9      | Found a snail-covered altar of Cheibriados.
  8994 | D:9      | Reached skill level 10 in Stealth
  8996 | D:10     | Entered Level 10 of the Dungeon
  9265 | D:9      | Found an opulent altar of Gozag.
  9273 | D:9      | Became a worshipper of Gozag Ym Sagoz the Greedy
  9366 | D:9      | Noticed Pikel
  9412 | D:9      | Killed Pikel
  9441 | D:9      | Found a shimmering altar of Xom.
  9751 | D:9      | Learned a level 3 spell: Confusing Touch
  9755 | D:9      | Learned a level 3 spell: Spider Form
  9801 | D:9      | Reached skill level 1 in Poison Magic
 10003 | D:10     | Reached skill level 1 in Transmutations
 10037 | D:10     | Found an ornate altar of the Wu Jian Council.
 10200 | D:10     | Noticed Harold
 10225 | D:10     | Reached skill level 1 in Spellcasting
 10325 | D:10     | Killed Harold
 10326 | D:10     | Reached skill level 1 in Hexes
 10326 | D:10     | Reached XP level 11. HP: 40/67 MP: 13/13
 10587 | D:10     | Found a burning altar of Makhleb.
 10622 | D:10     | Found a white marble altar of Elyvilon.
 11472 | D:11     | Found a portal to a secret trove of treasure.
 11532 | D:11     | HP: 3/67 [killer bee (8)]
 11832 | D:11     | Noticed a cyclops
 12171 | D:11     | Killed a cyclops
 12295 | D:10     | Reached skill level 1 in Summonings
 12315 | D:10     | Learned a level 5 spell: Yara's Violent Unravelling
 12851 | D:11     | Identified the +9 mace of Analysis {drain, rElec}
 12942 | D:11     | Identified the +6 short sword "H0rd4k's Doom" {heavy,
                  | Contam rElec Int+5}
 12945 | D:11     | Noticed a two-headed ogre
 12956 | D:11     | Killed a two-headed ogre
 13537 | D:11     | HP: 1/67 [komodo dragon (26)]
 13539 | D:11     | Annihilated by a komodo dragon

Illustrated notes

Levels and vault maps discovered:
D:1:      onia_arrival_pyramid, layout_basic, shapermc_ecumenical_altar_pompeii,
          serial_forest, infiniplex_forest_lined_3, infiniplex_forest_lined_1,
          infiniplex_forest_lined_2, infiniplex_forest_3_way,
          infiniplex_forest_clump_tiny, infiniplex_forest_zigzag_2,
          infiniplex_forest_clump_large, infiniplex_forest_3_way,
          minmay_misc_feat_tower
D:2:      layout_loops_cross, uniq_crazy_yiuf_cottage
D:3:      kennysheep_big_flooded_room, layout_basic, vehumet_crystals,
          uniq_terence
D:4:      layout_loops_corners, grunt_ministairs_6, serial_bayou_pond_e,
          hellmonk_no_cap
D:5:      layout_loops_corners, minmay_temple_entry_metal_lava,
          lightli_sewer_entry_pipes, grunt_decor_fettered,
          kennysheep_small_circle
D:6:      layout_cave_pools, gammafunk_ghost_necromancy, minmay_misc_feat_iff
D:7:      layout_rooms, hangedman_decor_opposing
D:8:      layout_loops_ring, nicolae_ru_awakened_eye, lightli_temple_of_fire,
          uniq_prince_ribbit1, uniq_gastronok
D:9:      layout_rooms, lemuel_doored_altar, grunt_temple_overflow_open,
          grunt_gozag_statues, uniq_pikel
D:10:     layout_loops_ring, mainiacjoe_overflow_surrounded_room,
          mainiacjoe_overflow_big_doors, uniq_harold
D:11:     layout_cave_pools, erik_lair_dragon, nicolae_trove_entry_crossroad
Temple:   nicolae_temple_ecumenical_triangle

Skill      XL: |  1  2  3  4  5  6  7  8  9 10 11 |
---------------+----------------------------------+-----
Evocations     | 4 5 6 |  6.4
Stealth        | 2 3 4 6 7 8 10 | 10.1
Dodging        | 3 4 5 6 7 |  7.0
Unarmed Combat | 1 2 3 5 7 9 10 | 10.8
Fighting       | 2 3 |  3.6
Poison Magic   | 3 4 |  4.9
Transmutations | 2 4 |  4.6
Spellcasting   | 1 4 |  4.6
Hexes          | 1 3 |  3.0
Summonings     | 1 |  1.2
Long Blades    | |  0.2
Ranged Weapons | |  0.9
Shields        | |  0.1
Conjurations   | |  0.1
Necromancy     | |  0.3
Translocations | |  0.1
Fire Magic     | |  0.5
Ice Magic      | |  0.1
Air Magic      | |  0.2
Earth Magic    | |  0.1
Invocations    | |  0.1

Action                     |  1- 3 |  4- 6 |  7- 9 | 10-12 || total
---------------------------+-------+-------+-------+-------++-------
  Melee: Unarmed           |    47 |   117 |   397 |   415 ||   976
         Tentacles         |    12 |    37 |    93 |    85 ||   227
         Constrict         |    12 |    36 |    81 |    43 ||   172
         Punch             |       |     7 |    21 |    33 ||    61
   Cast: Spider Form       |       |       |       |     5 ||     5
         Confusing Touch   |       |       |       |     4 ||     4
  Evoke: Wand              |     6 |    14 |    24 |    30 ||    74
    Use: Potion            |       |       |     8 |     5 ||    13
         Scroll            |       |       |    13 |     1 ||    14
   Stab: Sleeping          |     3 |     7 |    22 |     3 ||    35
         Distracted        |       |     1 |       |     2 ||     3
         Invisible         |       |       |     1 |       ||     1
         Confused          |       |       |       |     4 ||     4
 Armour: Skin              |     4 |     4 |    84 |    77 ||   169
  Dodge: Dodged            |    38 |    80 |   275 |   301 ||   694
